 Dungeon Crawl Stone Soup version 0.23.0-33-g5e6c059 (webtiles) character file.

Game seed: 13497234954209242437

356 ohad the Insei (level 6, -15/45 HPs)
             Began as an Octopode Transmuter on Feb 26, 2019.
             Demolished by an ogre
             ... wielding a +0 giant spiked club
              (24 damage)
             ... on level 4 of the Dungeon.
             The game lasted 00:08:09 (4507 turns).

ohad the Insei (Octopode Transmuter)                Turns: 4507, Time: 00:08:10

Health: -15/45     AC:  5    Str:  9    XL:     6   Next: 63%
Magic:  0/10       EV: 10    Int: 18    God:
Gold:   163        SH:  0    Dex: 15    Spells: 1/11 levels left

rFire    x . .     SeeInvis .     - Unarmed
rCold    + + +     Gourm    .   (shield currently unavailable)
rNeg     . . .     Faith    .   (helmet currently unavailable)
rPois    +         Spirit   .   (no amulet)
rElec    .         Reflect  .   b - ring of wizardry
rCorr    .         Harm     .   i - ring of poison resistance
MR       .....                  j - +3 ring of dexterity
Stlth    +.........             (no ring)
HPRegen  0.15/turn              (no ring)
MPRegen  0.12/turn              (no ring)
                                (no ring)
                                (no ring)

@: ice-form, very slightly contaminated
A: large, almost no armour, stealthy swim, amphibious, 8 rings, (constrict 8)
a: End Transformation


You were on level 4 of the Dungeon.
You were hungry.
You were a creature of crystalline ice.
You visited 1 branch of the dungeon, and saw 4 of its levels.

You collected 163 gold pieces.

Inventory:

Hand Weapons
 g - a +0 dagger of protection
 k - a +0 dagger of venom
Missiles
 a - 65 arrows
Jewellery
 b - a ring of wizardry (left front paw)
 i - a ring of poison resistance (right front paw)
 j - a +3 ring of dexterity (on tentacle)
Wands
 o - a wand of clouds (5)
 q - a wand of enslavement (6)
Scrolls
 d - 5 scrolls of identify {unknown}
 e - 2 scrolls of teleportation {unknown}
 f - 3 scrolls of remove curse {unknown}
 l - a scroll of blinking {unknown}
 n - a scroll of enchant weapon {unknown}
 t - a scroll of immolation {unknown}
Potions
 h - 3 potions of curing
 m - a potion of might {unknown}
 p - a potion of haste {unknown}
 r - a potion of heal wounds {unknown}
Comestibles
 c - 8 rations
 s - 4 chunks of flesh


   Skills:
 - Level 1.0 Fighting
 - Level 2.0 Dodging
 + Level 5.3 Unarmed Combat
 - Level 3.1 Spellcasting
 - Level 4.1 Transmutations
 - Level 1.1 Ice Magic


You had one spell level left.
You knew the following spells:

 Your Spells              Type           Power        Failure   Level  Hunger
a - Beastly Appendage     Tmut           ###...       1%          1    None
b - Sticks to Snakes      Tmut           ###.....     1%          2    ##.....
c - Spider Form           Tmut/Pois      ##........   9%          3    ###....
d - Ice Form              Ice/Tmut       ##......     22%         4    ####...

Your spell library contained the following spells:

 Spells                   Type           Power        Failure   Level  Hunger
 Blade Hands              Tmut           ###.......   32%         5    ######.


Dungeon Overview and Level Annotations

Branches:
Dungeon (4/15)
 Temple: D:4-7

Altars:
Fedhas
Wu Jian

Annotations:
D:4 3 runed translucent doors, skk's ghost, amateur DsFi


Innate Abilities, Weirdness & Mutations

You cannot wear most types of armour.
You are very stealthy in the water. (Stealth+)
You are amphibious.
You can wear up to eight rings at the same time.
((You can use your tentacles to constrict eight enemies at once.))
((Your skin changes colour to match your surroundings (Stealth+).))
((Your rubbery body absorbs attacks. (AC +1, EV +1)))


Message History

Casting: Ice Form (slightly dangerous; 22% risk of failure)
Confirm with . or Enter, or press ? or * to list all spells.
You turn into a creature of crystalline ice.
You are feeling hungry.
The ogre hits you with a +0 giant spiked club!
* * * LOW HITPOINT WARNING * * *
Unknown command.
It was a potion of curing.
You feel better. The ogre misses you.
Unknown command.
Okay, then.
Okay, then.
Casting: Ice Form (slightly dangerous; 22% risk of failure)
Confirm with . or Enter, or press ? or * to list all spells.
You don't know that spell.
Casting: Ice Form (slightly dangerous; 22% risk of failure)
Confirm with . or Enter, or press ? or * to list all spells.
You create a snake!
You now have 65 arrows.
The ogre hits you with a +0 giant spiked club!!
Ouch! That really hurt!
You die...

..##..........#
#.###..............
..####÷##.........# #
...###............####.
#.##....#######....#..
...##...#.....#.....# ..
........#(...(#....# ...
#...(...#..(..+.[O.##..$
#.#.....#8...W+.Y.......
#.#.....#...♣.+.........
..##..###.(...#...S.....
#......##.(..(#.........
........#######......##..
....##..##.......#####...
....##......#....#.......
........#...###..........
....##......#.......#....


You could see an ogre, skk's ghost and a friendly ball python.

Vanquished Creatures
  A bullfrog (D:4)
  A centaur skeleton (D:4)
  2 iguanas (D:4)
  2 worker ants
  A hound zombie (D:3)
  5 adders
  4 gnolls
  An ooze (D:2)
  An adder skeleton (D:4)
  5 dart slugs
  A leopard gecko (D:4)
  3 orcs
  A ball python (D:3)
  4 giant cockroaches
  2 goblins
  4 hobgoblins
  10 jackals (D:1)
  A quokka (D:3)
  5 bats
  6 frilled lizards
  3 kobolds
  2 rats
65 creatures vanquished.

Notes
Turn   | Place    | Note
-------+----------+-------------------------------------------
     0 | D:1      | ohad the Octopode Transmuter began the quest for the Orb.
     0 | D:1      | Reached XP level 1. HP: 13/13 MP: 3/3
   211 | D:1      | Reached XP level 2. HP: 7/18 MP: 5/5
   229 | D:1      | Learned a level 2 spell: Sticks to Snakes
   754 | D:1      | Reached XP level 3. HP: 12/23 MP: 4/6
   773 | D:1      | Learned a level 3 spell: Spider Form
  1668 | D:2      | Reached XP level 4. HP: 21/28 MP: 7/7
  1887 | D:2      | Found a faded altar of an unknown god.
  2402 | D:2      | Found an ornate altar of the Wu Jian Council.
  2402 | D:2      | Found a blossoming altar of Fedhas.
  2749 | D:2      | Reached skill level 4 in Unarmed Combat
  2758 | D:2      | Reached XP level 5. HP: 22/33 MP: 6/9
  3525 | D:3      | Learned a level 4 spell: Ice Form
  4189 | D:4      | Reached skill level 1 in Ice Magic
  4189 | D:4      | Reached XP level 6. HP: 31/38 MP: 10/10
  4253 | D:4      | Reached skill level 5 in Unarmed Combat
  4492 | D:4      | Found a runed translucent gate.
  4492 | D:4      | Found a runed translucent gate.
  4492 | D:4      | Found a runed translucent gate.
  4498 | D:4      | Noticed skk's ghost (amateur DsFi)
  4505 | D:4      | HP: 1/45 [ogre/+0 giant spiked club (15)]
  4507 | D:4      | Demolished by an ogre

Skill      XL: |  1  2  3  4  5  6 |
---------------+-------------------+-----
Transmutations | 3 4 |  4.1
Unarmed Combat | 4 5 |  5.3
Spellcasting   | 3 |  3.1
Ice Magic      | 1 |  1.1
Fighting       | |  1.0
Dodging        | |  2.0

Action                   |  1- 3 |  4- 6 || total
-------------------------+-------+-------++-------
Melee: Unarmed           |    68 |    95 ||   163
       Constrict         |    16 |    14 ||    30
       Kick              |    13 |     7 ||    20
       Tentacles         |     7 |    14 ||    21
       Punch             |     2 |     1 ||     3
 Cast: Beastly Appendage |     9 |    10 ||    19
       Spider Form       |       |     7 ||     7
       Ice Form          |       |     3 ||     3
       Sticks to Snakes  |       |     3 ||     3
  Use: Potion            |       |     1 ||     1
 Stab: Sleeping          |     1 |     2 ||     3
  Eat: Ration            |     1 |       ||     1
       Chunk             |       |     9 ||     9
Armor: Skin              |    11 |     9 ||    20
Dodge: Dodged            |    54 |    67 ||   121
